 Dungeon Crawl Stone Soup version 0.32-a0-132-g2d33c3cfaf (webtiles) character file.

Game seed: 5752172470584621764

1311 Dittersdorf the Shield-Bearer (level 8, -2/52 HPs)
             Began as a Gargoyle Fighter on Feb 9, 2024.
             Engulfed by a cloud of steam (8 damage)
             ... on level 7 of the Dungeon.
             The game lasted 00:05:27 (4667 turns).

Dittersdorf the Shield-Bearer (Gargoyle Fighter)    Turns: 4667, Time: 00:05:28

Health: -2/52      AC: 16    Str: 32    XL:     8   Next: 58%
Magic:  8/8        EV: 10    Int:  8    God:
Gold:   246        SH:  6    Dex:  9    Spells: 7/7 levels left

rFire   . . .        i - +7 whip of Qazlal, Muttering {spect, rElec Str+3}
rCold   . . .        c - +1 buckler
rNeg    + . .        l - +2 ring mail of the Plum {rCorr}
rPois   ∞            g - +0 helmet
rElec   +            (no cloak)
rCorr   +            (no gloves)
SInv    .            u - +0 pair of boots
Will    +....        (no amulet) Stlth
                     h - +6 ring of strength
HPRegen 0.28/turn    t - ring of willpower
MPRegen 0.11/turn

%: no passive effects
@: no status effects
A: sickness immunity, AC +5, negative energy resistance 1, electricity
resistance, torment resistance 1, petrification resistance
a: no special abilities


You were on level 7 of the Dungeon.
You visited 1 branch of the dungeon, and saw 7 of its levels.

You collected 246 gold pieces.

Inventory:

Hand Weapons
 a - a +0 flail
 i - the +7 whip of Qazlal, Muttering (weapon) {spect, rElec Str+3}
   (You found it on level 4 of the Dungeon)

   Str+3:     It affects your strength (+3).
   rElec:     It insulates you from electricity.
 z - a +0 morningstar
Armour
 c - a +1 buckler (worn)
 g - a +0 helmet (worn)
 l - the +2 ring mail of the Plum (worn) {rCorr}
   (You found it on level 2 of the Dungeon)

   rCorr:     It protects you from acid and corrosion.
 u - a +0 pair of boots (worn)
Jewellery
 h - a +6 ring of strength (left hand)
 j - a +6 ring of intelligence
 m - the ring "Jukeip" {MP+9 Stlth+}
   (You found it on level 5 of the Dungeon)

   [ring of magical power]

   MP+9:      It affects your magic capacity (+9).
   Stlth+:    It makes you more stealthy.
 q - a ring of protection from fire
 t - a ring of willpower (right hand)
 w - a ring of protection from cold
Wands
 r - a wand of paralysis (14) (quivered)
Scrolls
 k - 2 scrolls of blinking
 p - a scroll of teleportation
 x - a scroll of poison
 y - a scroll of acquirement {unknown}
Potions
 b - 2 potions of curing
 d - a potion of might
 e - 3 potions of heal wounds {unknown}
 f - 2 potions of brilliance {unknown}
 n - a potion of lignification {unknown}
 o - a potion of berserk rage
 s - a potion of invisibility {unknown}
 v - a potion of haste {unknown}


   Skills:
 + Level 6.4 Fighting
 + Level 5.4 Maces & Flails
 + Level 6.4 Armour
 + Level 6.4 Shields


You had 7 spell levels left.
You didn't know any spells.
Your spell library contained the following spells:

 Spells                   Type           Power      Damage    Failure   Level
 Freeze                   Ice            0%         1d3       54%         1
 Summon Small Mammal      Summ           0%         N/A       54%         1
 Blink                    Tloc           0%         N/A       69%         2
 Ensorcelled Hibernation  Hex/Ice        0%         N/A       69%         2
 Lesser Beckoning         Tloc           0%         N/A       69%         2
 Momentum Strike          Conj/Tloc      0%         3d8       69%         2
 Frozen Ramparts          Ice            0%         1d1       89%         3
 Hailstorm                Conj/Ice       0%         3d5       89%         3
 Passwall                 Erth           0%         N/A       89%         3
 Swiftness                Air            0%         N/A       89%         3
 Dispel Undead            Necr           0%         3d6       100%        4
 Leda's Liquefaction      Alch/Erth      0%         N/A       100%        4
 Lee's Rapid Deconstruct  Erth           0%         3d4*      100%        5
 Summon Forest            Summ/Tloc      0%         N/A       100%        5
 Bombard                  Conj/Erth      0%         9d1       100%        6
 Conjure Ball Lightning   Conj/Air       0%         3x3d6     100%        6
 Sculpt Simulacrum        Ice/Alch       0%         N/A       100%        6
 Ozocubu's Refrigeration  Ice            0%         4d7       100%        7
 Spellforged Servitor     Conj/Summ      0%         N/A       100%        7
 Discord                  Hex            0%         N/A       100%        8
 Disjunction              Tloc           0%         N/A       100%        8


Dungeon Overview and Level Annotations

Branches:
Dungeon (7/15)
 Temple: D:4-7

Altars:
Ashenzari
Cheibriados
Dithmenos
Elyvilon
Hepliaklqana
Nemelex Xobeh
Wu Jian

Shops:
D:1 *   D:5 ?


Innate Abilities, Weirdness & Mutations

You are immune to sickness and miasma.
Your stone body is resilient. (AC +5)
You are immune to poison.
You resist negative energy. (rN+)
You are resistant to electric shocks. (rElec)
You are resistant to unholy torment.
You are immune to petrification.


Message History

No target in view!
No target in view!
No target in view!
No target in view!
You are engulfed in a cloud of scalding steam.
You are engulfed in a cloud of scalding steam.
You are engulfed in a cloud of scalding steam.
The steam dragon bites you but does no damage.
You block the steam dragon's attack.
You hit the steam dragon but do no damage.
You are engulfed in a cloud of scalding steam.
The steam dragon completely misses you. The steam dragon claws you.
You hit the steam dragon.
The steam dragon is lightly wounded.
You hit the steam dragon.
The steam dragon is moderately wounded.
The steam dragon bites you but does no damage.
The steam dragon claws you.
You whack the steam dragon!
The steam dragon is almost dead.
The steam dragon bites you but does no damage.
The steam dragon misses you.
You closely miss the steam dragon.
The steam dragon is almost dead.
The steam dragon bites you but does no damage.
The steam dragon claws you but does no damage.
You completely miss the steam dragon.
The steam dragon is almost dead.
The steam dragon bites you but does no damage.
The steam dragon barely misses you.
You closely miss the steam dragon.
The steam dragon is almost dead.
The steam dragon breathes steam at you. The ball of steam hits you!!
* * * LOW HITPOINT WARNING * * *
You hit the steam dragon.
You kill the steam dragon!
You are engulfed in a cloud of scalding steam.
You are engulfed in a cloud of scalding steam.
You die...

..#.##........#
#.#.##.######.#
#.#.##.# #.#
####.#.##.######.#
...)))..#......#/#
####)#..#...#.##§#
.....#........##§#
.<...##.#.#...##§#
.....##.#.#...##@#
.....##.#.#...##.#
.....##.#.#...##.#
.....##.#.#...?..#
.....##.#.########
.....##.#.. #+####


There were no monsters in sight!

Vanquished Creatures
  A steam dragon (D:7)
  A water moccasin (D:6)
  An orc warrior (D:6)
  2 ogres
  2 phantoms
  Blork the orc (D:5)
  A scorpion (D:6)
  A howler monkey (D:4)
  2 bombardier beetles
  3 hounds
  A gnoll bouda (D:7)
  An orc priest (D:6)
  3 iguanas
  2 orc wizards
  A sleepcap (D:6)
  4 gnolls (D:7)
  2 adders
  A shadow imp (D:4)
  2 white imps (D:4)
  4 dart slugs
  2 ribbon worms (D:3)
  6 orcs
  4 bats
  4 endoplasms
  2 giant cockroaches
  A goblin (D:1)
  4 hobgoblins
  2 jackals (D:3)
  4 kobolds
  3 quokkas
  5 ball pythons
  3 frilled lizards
  5 rats
81 creatures vanquished.

Notes
Turn   | Place    | Note
-------+----------+-------------------------------------------
     0 | D:1      | Dittersdorf the Gargoyle Fighter began the quest for the
                  | Orb.
     0 | D:1      | Reached XP level 1. HP: 14/14 MP: 1/1
   159 | D:1      | Reached XP level 2. HP: 19/19 MP: 2/2
   205 | D:1      | Found Hugum's Assorted Antiques.
   758 | D:2      | Identified the +2 ring mail of the Plum {rCorr}
   941 | D:2      | Found a faded altar of an unknown god.
   980 | D:2      | Reached XP level 3. HP: 22/23 MP: 3/3
  1395 | D:3      | Found a broken altar of Ashenzari.
  1991 | D:3      | Found a shadowy altar of Dithmenos.
  2082 | D:4      | Noticed a phantom
  2102 | D:4      | Reached XP level 4. HP: 29/29 MP: 4/4
  2110 | D:4      | Killed a phantom
  2111 | D:4      | Reached XP level 5. HP: 24/33 MP: 5/5
  2200 | D:4      | Noticed an ogre
  2234 | D:4      | Killed an ogre
  2235 | D:4      | Reached XP level 6. HP: 18/39 MP: 6/6
  2565 | D:4      | Identified the +7 whip of Qazlal, Muttering {spect, rElec
                  | Str+3}
  2624 | D:4      | Found a snail-covered altar of Cheibriados.
  2743 | D:4      | Found a sparkling altar of Nemelex Xobeh.
  2833 | D:4      | Got the Annotations on Snow and the Throng
  3146 | D:4      | Got the Directory of Shadowy Attendants
  3321 | D:5      | Entered Level 5 of the Dungeon
  3368 | D:5      | Noticed Blork the orc
  3376 | D:5      | Killed Blork the orc
  3377 | D:5      | Reached skill level 5 in Fighting
  3377 | D:5      | Reached skill level 5 in Armour
  3377 | D:5      | Reached skill level 5 in Shields
  3377 | D:5      | Reached XP level 7. HP: 44/44 MP: 7/7
  3414 | D:5      | Identified the ring "Jukeip" {MP+9 Stlth+}
  3507 | D:5      | Found Mohikk's Magic Scroll Shoppe.
  4029 | D:6      | Found a hazy altar of Hepliaklqana.
  4228 | D:6      | Reached XP level 8. HP: 51/51 MP: 8/8
  4354 | D:6      | Found an ornate altar of the Wu Jian Council.
  4381 | D:6      | Reached skill level 5 in Maces & Flails
  4435 | D:6      | Found a white marble altar of Elyvilon.
  4667 | D:7      | Engulfed by a cloud of steam

Illustrated notes

Levels and vault maps discovered:
D:1:      mainiacjoe_arrival_oval_in_oval, layout_basic, serial_shops, shop,
          roderic_serpentine_path, serial_bayou_pond_b
D:2:      layout_loops_ring, ebering_ecumenical_altar_petrified
D:3:      layout_basic, nicolae_dithmenos_through_a_glass_darkly,
          nicolae_ashenzari_panopticon, roderic_lattice_a
D:4:      layout_basic, mainiacjoe_overflow_concentric_impassable,
          mainiacjoe_overflow_alcove_2, serial_library,
          serial_library_hellmonk_junction, serial_library_regret_index_headful,
          serial_library_hellmonk_layered_room,
          serial_library_hellmonk_angled_corner,
          serial_library_hellmonk_double_dead_end,
          serial_library_hellmonk_room_a, serial_library_regret_index_split_case
D:5:      layout_gridville, serial_shops, nicolae_shop_back_alley_shop,
          minmay_statues_item, uniq_blork_the_orc
D:6:      layout_cave_pools, mainiacjoe_overflow_brackets,
          mainiacjoe_overflow_small_starburst, lemuel_coloured_pillars_altar
D:7:      minmay_the_grid_triangle_9x9_rhombus_thin
          [minmay_the_grid_triangle_9x9_subtriangle,
          minmay_the_grid_triangle_9x9_prize_special,
          minmay_the_grid_triangle_9x9_from_above,
          minmay_the_grid_triangle_9x9_tough_junction], layout_basic,
          minmay_temple_entry_sparse_star

Skill      XL: |  1  2  3  4  5  6  7  8 |
---------------+-------------------------+-----
Fighting       | 4 5 6 |  6.4
Maces & Flails | 3 4 5 |  5.4
Armour         | 4 5 6 |  6.4
Shields        | 4 5 6 |  6.4

Action                     |  1- 3 |  4- 6 |  7- 9 || total
---------------------------+-------+-------+-------++-------
  Melee: Flail             |   124 |    48 |       ||   172
         Whip              |       |    31 |    68 ||    99
  Throw: Throwing net      |       |     1 |       ||     1
    Use: Scroll            |     4 |     7 |     2 ||    13
   Stab: Distracted        |       |     1 |     1 ||     2
 Armour: Scale mail        |    36 |       |       ||    36
         Ring mail         |    36 |    58 |    47 ||   141
  Dodge: Dodged            |    51 |    36 |    21 ||   108
  Block: Buckler           |    35 |    20 |    17 ||    72

Table legend: (Time is in decaauts)
 A = Elapsed time spent in this place.
 B = Non-inter-level travel time spent in this place.
 C = Inter-level travel time spent in this place.
 D = Time resting spent in this place.
 E = Time spent auto-exploring this place.
 F = Levels seen in this place.
 G = Mean time per level.
                   A        B        C        D        E       F      G
               +--------+--------+--------+--------+--------+-----+--------+
         Total |   4705 |   4466 |    239 |    144 |   3579 |   7 |  672.1 |
       Dungeon |   4705 |   4466 |    239 |    144 |   3579 |   7 |  672.1 |
               +--------+--------+--------+--------+--------+-----+--------+

Top non-repeatable levels by time:
     D:4: 1250 daAuts
     D:3: 760 daAuts
     D:1: 751 daAuts
     D:5: 713 daAuts
     D:2: 631 daAuts
     D:6: 514 daAuts
     D:7: 82 daAuts
